 Dungeon Crawl Stone Soup version 0.19.5 (webtiles) character file.

0 Gargoyl the Skirmisher (level 1, -12/19 HPs)
             Began as a Ghoul Abyssal Knight on Mar 13, 2017.
             Was a Follower of Lugonu.
             Mangled by a tentacled starspawn (20 damage)
             ... on level 2 of the Abyss.
             The game lasted 00:00:44 (109 turns).

Gargoyl the Skirmisher (Ghoul Abyssal Knight)        Turns: 109, Time: 00:00:45

Health: -12/19     AC:  3    Str: 15    XL:     1   Next: 0%
Magic:  1/1        EV: 11    Int:  7    God:    Lugonu [*.....]
Gold:   30         SH:  0    Dex:  8    Spells: 0 memorised, 0 levels left

rFire  . . .     SeeInvis .     a - +1 hand axe
rCold  + . .     Gourm    .     b - +0 leather armour
rNeg   + + +     Faith    .     (no shield)
rPois  ∞         Spirit   .     (no helmet)
rElec  .         Reflect  .     (no cloak)
rCorr  .         Harm     .     (no gloves)
MR     .....                    (no boots)
Stlth  +.........               (no amulet)
                                (no ring)
                                (no ring)

@: rotting
A: rotting body, claws 1, carnivore 3, cold resistance 1, negative energy
resistance 3, slow regeneration 1, torment resistance, unbreathing
a: Depart the Abyss, Renounce Religion


You were on level 2 of the Abyss.
You worshipped Lugonu.
Lugonu was aware of your devotion.
You were not hungry.

You visited 0 branches of the dungeon, and saw 0 of its levels.
You visited the Abyss 1 time.

You collected 30 gold pieces.

Inventory:

Hand Weapons
 a - a +1 hand axe (weapon)
Armour
 b - a +0 leather armour (worn)
Potions
 e - a potion of brilliance {unknown}
Comestibles
 c - a meat ration


   Skills:
 + Level 3.2 Fighting
 + Level 1.7 Axes
 + Level 1.7 Armour
 + Level 0.8 Dodging
 + Level 2.0 Invocations


You couldn't memorise any spells.
You didn't know any spells.

Dungeon Overview and Level Annotations

Branches:
Dungeon (0/15)

Altars:


Innate Abilities, Weirdness & Mutations

Your body is rotting away.
You thrive on raw meat.
You are immune to poison.
You have sharp fingernails.
You are carnivorous and can eat meat at any time.
Your flesh is cold resistant. (rC+)
You are immune to negative energy. (rN+++)
You regenerate slowly when monsters are visible.
You are immune to unholy pain and torment.
You can survive without breathing.


Message History

Found a leather armour.
A spatial vortex comes into view.
The spatial vortex moves out of view.
The starspawn tentacle grabs you. The starspawn tentacle constricts you.
A starspawn tentacle segment comes into view.
The starspawn tentacle's grasp on you weakens, but your attempt to escape fails.
The tentacle pulls you backwards!
The starspawn tentacle loses its grip on you.
The starspawn tentacle grabs you. The starspawn tentacle constricts you.
You escape the starspawn tentacle's grasp. 2 spatial vortices come into view.
The spatial vortex moves out of view.
A spatial maelstrom comes into view.
The starspawn tentacle grabs you. The starspawn tentacle constricts you.
A spatial vortex comes into view.
There is a gateway leading deeper into the Abyss here.
You escape the starspawn tentacle's grasp.
The tentacled starspawn bites you!!
Ouch! That really hurt!
You die...

#.# ##.. . v.#... #.
...#.# .#.. vv..####.
### .. #.#[#
....#..... # .
#...##..#..# #
.#.##X#.
#..#.#....##.....##.
## # #....@#.....# .
. # .. #.
##...Xw..#.# . #.# ##
..#...#│#..##..
####>...
##....#.\...#..###./#
. ....#...# ###..#X─
.# # ##.#..#..## .
#.#### # #.#.....#..
#..#...# #
#####.#....### .##. #
######## #####


You could see a tentacled starspawn, a spatial maelstrom, 2 spatial vortices and
a starspawn tentacle.

Vanquished Creatures (others)
  9 starspawn tentacles (Abyss:2)
9 creatures vanquished.

Notes
Turn   | Place    | Note
-------+----------+-------------------------------------------
     0 | Abyss:1  | Gargoyl the Ghoul Abyssal Knight began the quest for the Orb.
     0 | Abyss:1  | Reached XP level 1. HP: 19/19 MP: 1/1
     8 | Abyss:2  | Found a corrupted altar of Lugonu.
    28 | Abyss:2  | Noticed a tentacled starspawn
    50 | Abyss:2  | Found a corrupted altar of Lugonu.
   104 | Abyss:2  | Noticed a spatial vortex
   107 | Abyss:2  | Noticed a spatial vortex
   107 | Abyss:2  | Noticed a spatial vortex
   108 | Abyss:2  | Noticed a spatial maelstrom
   109 | Abyss:2  | Noticed a spatial vortex
   109 | Abyss:2  | Mangled by a tentacled starspawn

Action                   || total
-------------------------++-------
  Use: Scroll            ||     3
Dodge: Dodged            ||     4
